 Dungeon Crawl Stone Soup version 0.26.1-11-gd32895ea62 (webtiles) character file.

Game seed: 12575566663324185940

110 Jerry the Skirmisher (level 4, 0/37 HPs)
             Began as a Demonspawn Fighter on July 1, 2021.
             Slain by an iguana (8 damage)
             ... on level 3 of the Dungeon.
             The game lasted 00:03:17 (1890 turns).

Jerry the Skirmisher (Demonspawn Fighter)           Turns: 1890, Time: 00:03:18

Health: 0/37       AC:  9    Str: 17    XL:     4   Next: 61%
Magic:  4/4        EV:  9    Int:  9    God:
Gold:   117        SH:  0    Dex: 13    Spells: 3/3 levels left

rFire    x . .     SeeInvis .   a - +0 long sword
rCold    + . .     Faith    .   (no shield)
rNeg     . . .     Spirit   .   b - +0 scale mail
rPois    .         Reflect  .   (no helmet)
rElec    .         Harm     .   (no cloak)
rCorr    .         Rampage  .   (no gloves)
Will     .....                  (no boots)
Stlth    +.........             u - amulet of regeneration
HPRegen  0.52/turn              e - ring of stealth
MPRegen  0.09/turn              j - ring of ice

@: mighty
A: slimy green scales 2
a: no special abilities


You were on level 3 of the Dungeon.
You visited 1 branch of the dungeon, and saw 3 of its levels.

You collected 117 gold pieces.

Inventory:

Hand Weapons
 a - a +0 long sword (weapon)
Missiles
 f - a throwing net (quivered)
Armour
 b - a +0 scale mail (worn)
 c - a +0 kite shield
Jewellery
 e - a ring of stealth (left hand)
 j - a ring of ice (right hand)
 u - an amulet of regeneration (around neck)
Scrolls
 h - 4 scrolls of identify
 i - a scroll of blinking {unknown}
 k - a scroll of enchant weapon {unknown}
 l - a scroll of amnesia {unknown}
 t - a scroll of random uselessness {unknown}
Potions
 g - a potion of resistance {unknown}
 m - a potion of curing {unknown}
 n - a potion of cancellation {unknown}
 o - 2 potions of haste {unknown}
 p - a potion of heal wounds {unknown}
 q - a potion of mutation {unknown}
 r - 2 potions of lignification {unknown}
 s - a potion of degeneration {unknown}


   Skills:
 + Level 4.0 Fighting
 + Level 2.9 Long Blades
 + Level 3.5 Armour
 - Level 2.6 Shields


You had 3 spell levels left.
You didn't know any spells.
Your spell library was empty.

Dungeon Overview and Level Annotations

Branches:
Dungeon (3/15)

Altars:
Hepliaklqana


Innate Abilities, Weirdness & Mutations

You are mostly covered in slimy green scales. (AC +3)


Message History

The adder is severely wounded.
The iguana bites you. The adder bites you but does no damage.
You hit the adder.
You kill the adder!
The iguana bites you but does no damage.
Your Fighting skill increases to level 4!
You hit the iguana.
The iguana is heavily wounded.
The iguana bites you! x2
* * * LOW HITPOINT WARNING * * *
You feel very mighty all of a sudden. The iguana barely misses you.
You barely miss the iguana.
The iguana is heavily wounded.
The iguana barely misses you.
You riposte.
You closely miss the iguana.
The iguana is heavily wounded.
You slash the iguana!
The iguana is almost dead.
The iguana bites you!
You die...

##### ##
#.$.###.###
#.......+
##.#.##.....###
.......@#.#..S...
##.....l#.# .....
........#.# ##..
###....##.# #
#....##.##
######...# #.).#
## ##...## #.
#.....# #.


You could see an iguana.

Vanquished Creatures
  4 adders
  An ooze (D:1)
  A worm (D:2)
  A dart slug (D:3)
  2 leopard geckos
  2 giant cockroaches
  11 goblins
  10 hobgoblins
  12 jackals
  A ball python (D:1)
  3 bats (D:1)
  3 frilled lizards
  5 kobolds (D:1)
  4 rats (D:1)
60 creatures vanquished.

Notes
Turn   | Place    | Note
-------+----------+-------------------------------------------
     0 | D:1      | Jerry the Demonspawn Fighter began the quest for the Orb.
     0 | D:1      | Reached XP level 1. HP: 18/18 MP: 1/1
   164 | D:1      | Gained mutation: You are partially covered in slimy green
                  | scales. (AC +2) [demonic ancestry]
   164 | D:1      | Reached XP level 2. HP: 24/24 MP: 2/2
   526 | D:1      | Gained mutation: You are mostly covered in slimy green
                  | scales. (AC +3) [demonic ancestry]
   526 | D:1      | Reached XP level 3. HP: 29/29 MP: 3/3
  1221 | D:2      | Found a hazy altar of Hepliaklqana.
  1312 | D:2      | Reached XP level 4. HP: 37/37 MP: 4/4
  1887 | D:3      | Reached skill level 4 in Fighting
  1890 | D:3      | Slain by an iguana

Illustrated notes

Levels and vault maps discovered:
D:1:      lemuel_arrival_behind_the_door_small, layout_loops_cross
D:2:      layout_basic, lemuel_doored_altar
D:3:      minmay_general_purpose_star, layout_basic,
          grunt_dithmenos_smoke_and_mirrors

Skill      XL: |  1  2  3  4 |
---------------+-------------+-----
Long Blades    | 2 |  2.9
Armour         | 3 |  3.5
Fighting       | 4 |  4.0
Shields        | |  2.6

Action                   |  1- 3 |  4- 6 || total
-------------------------+-------+-------++-------
Melee: Long sword        |   123 |    68 ||   191
  Use: Scroll            |       |     1 ||     1
       Potion            |       |     1 ||     1
Armor: Scale mail        |    75 |    34 ||   109
Dodge: Dodged            |    88 |    32 ||   120
       Rpst.: Long sword |    28 |    17 ||    45
